 Dungeon Crawl Stone Soup version 0.29.1-2-gbd0b4ee654 (webtiles) character file.

Game seed: 376675344256450753

46 styxcanada the Sneak (level 3, -3/18 HPs)
             Began as a Spriggan Brigand on Oct 29, 2022.
             Killed from afar by Natasha (7 damage)
             ... with a magic dart
             ... on level 2 of the Dungeon.
             The game lasted 00:05:51 (1642 turns).

styxcanada the Sneak (Spriggan Brigand)             Turns: 1642, Time: 00:05:52

Health: -3/18      AC:  3    Str: 13    XL:     3   Next: 44%
Magic:  4/5        EV: 17    Int: 12    God:
Gold:   57         SH:  0    Dex: 18    Spells: 2/3 levels left

rFire   . . .      SeeInvis +   a - +2 dagger
rCold   + . .      Faith    .   (no shield)
rNeg    . . .      Spirit   .   b - +0 robe
rPois   .          Reflect  .   (helmet restricted)
rElec   .          Harm     .   c - +0 cloak
rCorr   .          Rampage  .   (gloves unavailable)
Will    .....                   (boots unavailable)
Stlth   ++++......              (no amulet)
HPRegen 0.06/turn               k - +6 ring of strength
MPRegen 0.09/turn               n - ring of protection from cold

@: very quick
A: very small, no large weapons, unfitting armour, see invisible, speed 3
a: no special abilities


You were on level 2 of the Dungeon.
You visited 1 branch of the dungeon, and saw 2 of its levels.

You collected 57 gold pieces.

Inventory:

Hand Weapons
 a - a +2 dagger (weapon)
Missiles
 d - 14 poisoned darts (quivered)
 e - 3 curare-tipped darts
 h - 30 stones
Armour
 b - a +0 robe (worn)
 c - a +0 cloak (worn)
Jewellery
 k - a +6 ring of strength (left hand)
 n - a ring of protection from cold (right hand)
Scrolls
 f - 2 scrolls of poison
 g - 2 scrolls of identify
 j - a scroll of teleportation {unknown}
 l - a scroll of acquirement {unknown}
 m - 2 scrolls of blinking {unknown}
Potions
 i - a potion of might
 o - a potion of attraction {unknown}


   Skills:
 * Level 1.7 Fighting
 + Level 2.6 Short Blades
 + Level 2.0 Throwing
 * Level 1.9 Dodging
 * Level 7.0 Stealth
 * Level 0.7 Spellcasting


You had 2 spell levels left.
You knew the following spells:

 Your Spells              Type           Power      Damage    Failure   Level
a - Magic Dart            Conj           0%         1d3       30%         1

Your spell library contained the following spells:

 Spells                   Type           Power      Damage    Failure   Level
 Poisonous Vapours        Pois/Air       0%         N/A       43%         2
 Corpse Rot               Necr/Pois/Air  0%         N/A       97%         4


Dungeon Overview and Level Annotations

Branches:
Dungeon (2/15)

Altars:

Annotations:
D:2 Natasha


Innate Abilities, Weirdness & Mutations

You are very small and have problems with some larger weapons.
You are too small for most types of armour.
You have supernaturally acute eyesight. (SInv)
You cover ground extremely quickly. (Speed+++)


Message History

Found a scroll labelled CABBOPT QENNI and 4 stones.
h - 26 stones (gained 5)
m - 2 scrolls labelled CABBOPT QENNI (gained 1)
h - 30 stones (gained 4)
Found a book of Party Tricks. 2 kobolds come into view.
Natasha, Servant of Life and Death comes into view.
Found 7 gold pieces.
A ball python comes into view.
Natasha hisses angrily.
The helpless kobold fails to defend itself.
You skewer the kobold like a kebab!!!
You kill the kobold!
Found 2 gold pieces.
Natasha casts a spell at you. The magic dart hits you.
You closely miss Natasha.
The kobold shouts!
You hit Natasha.
Natasha is moderately wounded.
Natasha barely misses you.
The ball python hisses angrily.
You hit Natasha.
Natasha is heavily wounded.
Natasha casts a spell.
You closely miss Natasha.
Natasha is heavily wounded.
Natasha claws you.
You hit Natasha but do no damage.
Natasha is heavily wounded.
The crimson imp completely misses you. The ball python completely misses you.
The ball python closely misses you.
Natasha mumbles some strange words.
The kobold hits you with a +6 short sword!
* * * LOW HITPOINT WARNING * * *
The crimson imp closely misses you. The crimson imp misses you.
Natasha casts a spell at you. The magic dart hits you!
You die...

#............###.....#
#................#
#..........#.###.#
##....)....#.##..#
##...<.....#.....#+########
....†)....................#
....†...>.................#
......#######.............#
......# #...@...:.....####
......# #####..S5.........
....... #.Kh....$.....
..###### #.5....)...... ..
########...... ## $.....
#####


You could see Natasha, 2 crimson imps, a ball python and a kobold.

Vanquished Creatures
  An adder (D:2)
  2 dart slugs
  5 bats
  An endoplasm (D:1)
  A giant cockroach (D:1)
  3 goblins (D:2)
  6 hobgoblins
  A quokka (D:1)
  A ball python (D:1)
  4 frilled lizards
  5 kobolds
  2 rats
32 creatures vanquished.

Notes
Turn   | Place    | Note
-------+----------+-------------------------------------------
     0 | D:1      | styxcanada the Spriggan Brigand began the quest for the
                  | Orb.
     0 | D:1      | Reached XP level 1. HP: 10/10 MP: 2/2
    36 | D:1      | Reached skill level 6 in Stealth
   224 | D:1      | Reached XP level 2. HP: 14/14 MP: 3/3
   660 | D:1      | Found a faded altar of an unknown god.
   663 | D:1      | Got Plato's Incunabulum of Battle Magic
   666 | D:1      | Learned a level 1 spell: Magic Dart
   956 | D:2      | Reached XP level 3. HP: 2/18 MP: 4/4
  1365 | D:2      | Identified the +3 ring mail of Suqeery {Stlth+}
  1487 | D:2      | Reached skill level 7 in Stealth
  1623 | D:2      | Noticed Natasha
  1642 | D:2      | Killed from afar by Natasha

Illustrated notes

Levels and vault maps discovered:
D:1:      evilmike_arrival_crescent, layout_basic,
          shapermc_ecumenical_altar_rom_forum
D:2:      layout_basic, chequers_arboretum, uniq_natasha

Skill      XL: |  1  2  3 |
---------------+----------+-----
Stealth        | 6 7 |  7.0
Fighting       | |  1.7
Short Blades   | |  2.6
Throwing       | |  2.0
Dodging        | |  1.9
Spellcasting   | |  0.7

Action                   || total
-------------------------++-------
Melee: Dagger            ||   101
       Punch             ||     1
Throw: Dart              ||    10
  Use: Scroll            ||     3
 Stab: Sleeping          ||     7
Armor: Robe              ||    19
Dodge: Dodged            ||    86
